 Dungeon Crawl Stone Soup version 0.19.0-2-gae57169 (webtiles) character file.

2872 Pepeogr the Grappler (level 9, -20/84 HPs)
             Began as a Troll Monk on Nov 6, 2016.
             Was an Elder of Cheibriados.
             Demolished by an orc knight
             ... wielding a +0 war axe
              (25 damage)
             ... in a bailey.
             The game lasted 00:48:44 (5087 turns).

Pepeogr the Grappler (Troll Monk)                   Turns: 5087, Time: 00:48:45

Health: -20/84     AC:  5    Str: 34    XL:     9   Next: 47%
Magic:  8/8        EV: 15    Int: 16    God:    Cheibriados [****..]
Gold:   416        SH:  0    Dex: 22    Spells: 2 memorised, 6 levels left

rFire  . . .     SeeInvis .       - Unarmed
rCold  . . .     Gourm    +     a - +0 robe
rNeg   . . .     Faith    .     (no shield)
rPois  .         Spirit   .     (helmet restricted)
rElec  .         Reflect  .     (no cloak)
rCorr  +         Harm     .     (gloves unavailable)
MR     .....                    (boots unavailable)
Stlth  ++........               (no amulet)
                                t - ring of flight
                                u - ring of resist corrosion

@: very slow
A: unfitting armour, claws 3, hooves 1, fast metabolism 3, gourmand,
regeneration 1, shaggy fur 1, tough skin 2
a: Bend Time, Temporal Distortion, Slouch, Renounce Religion, Evoke Flight


You were in a bailey.
You worshipped Cheibriados.
Cheibriados was greatly pleased with you.
You were hungry.

You visited 2 branches of the dungeon, and saw 8 of its levels.
You also visited: Ossuary and Bailey.

You collected 471 gold pieces.
You spent 55 gold pieces at shops.

Inventory:

Hand Weapons
 r - a +1 long sword of electrocution
Armour
 a - a +0 robe (worn)
 c - a +0 chain mail
 d - a +0 plate armour
 e - a +0 pair of gloves
 g - a +0 pair of boots
 q - a +1 helmet
Jewellery
 s - an uncursed ring of fire
 t - a ring of flight (right claw)
 u - a ring of resist corrosion (left claw)
Wands
 f - a wand of paralysis (17/24)
 i - a wand of slowing (22/48)
Scrolls
 h - 2 scrolls of remove curse
 k - 4 scrolls of identify
 o - a scroll of teleportation
Potions
 b - a potion of brilliance
 l - a potion of flight
Books
 n - a book of Maledictions

   Spells                             Type                      Level
   a - Corona                         Hexes                        1
   b - Ensorcelled Hibernation        Hexes/Ice                    2
   c - Confuse                        Hexes                        3
   d - Tukima's Dance                 Hexes                        3
   e - Dazzling Spray                 Conjuration/Hexes            3
 p - a book of Changes

   Spells                             Type                      Level
   a - Beastly Appendage              Transmutation                1
   b - Sticks to Snakes               Transmutation                2
   c - Spider Form                    Transmutation/Poison         3
   d - Ice Form                       Ice/Transmutation            4
   e - Blade Hands                    Transmutation                5
Comestibles
 j - 5 fruits
 m - 2 beef jerkies


   Skills:
 + Level 3.9 Fighting
 + Level 6.3 Dodging
 + Level 2.3 Stealth
 + Level 10.0 Unarmed Combat
 + Level 0.2 Spellcasting
 + Level 0.8 Transmutations
 + Level 0.3 Evocations


You had 6 spell levels left.
You knew the following spells:

 Your Spells              Type           Power        Failure   Level  Hunger
a - Corona                Hex            #......      24%         1    ##.....
b - Beastly Appendage     Tmut           #.....       21%         1    ##.....


Dungeon Overview and Level Annotations

Branches:
Dungeon (7/15)             Temple (1/1) D:4

Altars:
Ashenzari
Cheibriados
Dithmenos
Elyvilon
Fedhas
Gozag
Hepliaklqana
Kikubaaqudgha
Makhleb
Nemelex Xobeh
Okawaru
Ru
Sif Muna
Trog
Uskayaw
Vehumet
Xom
Yredelemnul
Zin

Shops:
D:4 !}%%   D:5 }

Annotations:
D:3 Natasha


Innate Abilities, Weirdness & Mutations

You are too large for most types of armour.
You have claws for hands.
Your metabolism is lightning-fast.
You like to eat raw meat.
Your natural rate of healing is unusually fast.
You are covered in fur. (AC +1)
You have very tough skin. (AC +2)
You have large cloven feet.


Message History

The orc knight hits you with a war axe!
* * * LOW HITPOINT WARNING * * *
Unknown command.
You scratch the orc knight but do no damage.
Your kick misses the orc knight.
The orc knight is lightly wounded.
The goblin barely misses you. The gnoll hits you but does no damage.
The goblin misses you.
Unknown command.
You claw the orc knight!
You kick the orc knight, but do no damage.
The orc knight is moderately wounded.
The orc knight completely misses you. The goblin barely misses you.
The gnoll hits you with a hand axe!
* * * LOW HITPOINT WARNING * * *
The goblin barely misses you.
You mangle the orc knight!! Your kick misses the orc knight.
The orc knight is heavily wounded.
The orc knight hits you with a war axe!!
You die...

#...K≈(≈KK..#
#'###≈.≈###'#
#....≈(≈....#
#'###≈(≈###'#
#^...≈(≈K...#
#'###≈.≈###'#
#...K≈.≈....#
######'######
#g@.#


#gog# #...# ##+## You could see an orc knight, a gnoll, 2 goblins and a kobold.

Vanquished Creatures
  Pikel (D:5)
  The ghost of bworf the Chopper, a novice HuSk (D:4)
  A hungry ghost (D:6)
  Duvessa (D:5)
  A water moccasin (D:6)
  2 orc warriors (D:7)
  A black bear (D:6)
  2 sky beasts
  2 ogres (D:7)
  A centaur (D:5)
  Dowan (D:5)
  3 scorpions
  A howler monkey (D:5)
  2 crimson imps
  2 hounds
  A bullfrog zombie (D:5)
  A jelly (D:7)
  3 orc priests
  6 orc wizards
  2 iguanas
  Natasha (D:3)
  A worker ant (D:4)
  4 mummies (Ossuary)
  A worker ant zombie (D:6)
  8 gnolls
  2 howler monkey skeletons
  4 adders
  2 shadow imps (D:6)
  A worm (D:3)
  2 dart slugs
  A leopard gecko (D:2)
  20 orcs
  2 ball pythons
  9 bats
  4 giant cockroaches
  A gnoll zombie (Ossuary)
  9 goblins
  4 hobgoblins
  15 jackals
  8 kobolds
  4 frilled lizards
  3 hobgoblin zombies (Ossuary)
  2 kobold zombies (Ossuary)
  2 orc zombies (Ossuary)
  7 rats
152 creatures vanquished.

Vanquished Creatures (others)
  A slave (D:5)
1 creature vanquished.

Grand Total: 153 creatures vanquished

Notes
Turn   | Place    | Note
-------+----------+-------------------------------------------
     0 | D:1      | Pepeogr the Troll Monk began the quest for the Orb.
     0 | D:1      | Reached XP level 1. HP: 22/22 MP: 0/0
   255 | D:1      | Reached XP level 2. HP: 20/29 MP: 1/1
   995 | D:2      | Reached XP level 3. HP: 34/36 MP: 2/2
  1698 | D:3      | Reached XP level 4. HP: 30/44 MP: 3/3
  1701 | D:3      | Reached skill level 4 in Unarmed Combat
  1760 | D:3      | Noticed Natasha
  1776 | D:3      | Killed Natasha
  1842 | D:3      | Learned a level 1 spell: Corona
  2109 | D:3      | Reached XP level 5. HP: 50/50 MP: 4/4
  2176 | D:3      | Noticed Natasha
  2287 | D:4      | Noticed bworf's ghost (novice HuSk)
  2301 | D:4      | Killed bworf's ghost
  2301 | D:4      | Reached skill level 5 in Unarmed Combat
  2301 | D:4      | Reached XP level 6. HP: 25/61 MP: 0/5
  2369 | D:4      | Found a staircase to the Ecumenical Temple.
  2378 | Temple   | Entered the Ecumenical Temple
  2482 | Temple   | Became a worshipper of Cheibriados the Contemplative
  2482 | Temple   | Reached * piety under Cheibriados
  2482 | Temple   | Reached ** piety under Cheibriados
  2939 | D:4      | Found Lygiv's Food Shoppe.
  3022 | D:4      | Found Xeoqasuff's Distillery.
  3039 | D:4      | Bought a potion of heal wounds for 55 gold pieces
  3060 | D:4      | Found Nihocri's Gadget Shop.
  3127 | D:4      | Found Jaresh's Food Shop.
  3206 | D:5      | Entered Level 5 of the Dungeon
  3213 | D:5      | Reached skill level 6 in Unarmed Combat
  3226 | D:5      | Reached XP level 7. HP: 35/67 MP: 6/6
  3249 | D:5      | Noticed Pikel
  3251 | D:5      | Found a shattered altar of Ashenzari.
  3264 | D:5      | Killed Pikel
  3264 | D:5      | Reached skill level 7 in Unarmed Combat
  3267 | D:5      | Reached XP level 8. HP: 49/75 MP: 7/7
  3377 | D:5      | Found Ydatsu's Gadget Shoppe.
  3691 | D:5      | Learned a level 1 spell: Beastly Appendage
  3692 | D:5      | Noticed Dowan
  3694 | D:5      | Noticed Duvessa
  3703 | D:5      | Killed Duvessa
  3703 | D:5      | Reached skill level 5 in Dodging
  3703 | D:5      | Reached skill level 8 in Unarmed Combat
  3709 | D:5      | Killed Dowan
  3709 | D:5      | Reached *** piety under Cheibriados
  3848 | D:6      | Found a sand-covered staircase.
  4040 | D:6      | Gained mutation: You have large cloven feet. [potion of beneficial mutation]
  4142 | D:6      | Reached skill level 9 in Unarmed Combat
  4174 | Ossuary  | Entered an ossuary
  4223 | Ossuary  | Noticed SaintRoka's ghost (amateur HOWz)
  4306 | D:6      | Reached XP level 9. HP: 38/84 MP: 8/8
  4361 | D:6      | Reached **** piety under Cheibriados
  5007 | D:7      | Reached skill level 10 in Unarmed Combat
  5035 | D:7      | Found a flagged portal.
  5053 | Bailey   | Entered a bailey
  5075 | Bailey   | Noticed an orc knight
  5086 | Bailey   | HP: 4/84 [gnoll/hand axe (7)]
  5087 | Bailey   | Demolished by an orc knight

Skill      XL: |  1  2  3  4  5  6  7  8  9 |
---------------+----------------------------+-----
Dodging        | 3 4 5 6 |  6.3
Unarmed Combat | 4 5 6 7 9 10 | 10.0
Fighting       | 3 |  3.9
Stealth        | 2 |  2.3
Spellcasting   | |  0.2
Transmutations | |  0.8
Evocations     | |  0.3

Action                   |  1- 3 |  4- 6 |  7- 9 || total
-------------------------+-------+-------+-------++-------
Melee: Unarmed           |   112 |   104 |   223 ||   439
       Punch             |     2 |     2 |    14 ||    18
       Kick              |       |       |    55 ||    55
       Headbutt          |       |       |     3 ||     3
 Cast: Beastly Appendage |       |       |     1 ||     1
Evoke: Wand              |       |       |     3 ||     3
  Use: Scroll            |     4 |       |     3 ||     7
       Potion            |     5 |     2 |     5 ||    12
 Stab: Sleeping          |     3 |       |     1 ||     4
  Eat: Bread ration      |     2 |       |     2 ||     4
       Meat ration       |     1 |     2 |       ||     3
       Chunk             |       |     2 |     2 ||     4
       Pizza             |       |       |     1 ||     1
Armor: Robe              |    58 |    17 |    72 ||   147
Dodge: Dodged            |    84 |    63 |   274 ||   421
